Workbook
Name Tipos: [1]TABLA!$G$2:$G$4

Sheet Pág. preliminar
B4: Actividad Cumplida
B5: Si
B6: No | C6: 0
B7: En Proceso | C7: 0.5
B8: No Aplica | C8: 1

Sheet COMP2_RACTRAM_1
A2: REG-PLA-003 | C2: EMSERPA E.I.C.E E.S.P
A3: Versión 01 | C3: PLAN ANTICORRUPCIÓN Y DE ATENCIÓN AL CIUDADANO
A4: Edición: 04/02/2022
A6: Vigencia: 2024
A7: Fecha Publicación: 31 de Enero
A8: COMPONENTE 2: Racionalización de trámites
A10: NOMBRE DE LA ENTIDAD | C10: Empresa Municipal de Servicios Públicos de Arauca - EMSERPA E.I.C.E. E.S.P. | E10: ORDEN | F10: Municipal
A11: SECTOR ADMINISTRATIVO | C11: Superintendencia de Servicios Públicos Domiciliarios - SSPD | E11: VIGENCIA | F11: 2024
A12: DEPARTAMENTO | C12: Arauca
A13: MUNICIPIO | C13: Arauca
A15: PLANEACIÓN DE LA ESTRATEGIA DE RACIONALIZACIÓN
A16: No. | B16: NOMBRE DEL TRÁMITE, PROCESO O PROCEDIMIENTO | D16: TIPO DE RACIONALIZACIÓN | E16: ACCIÓN ESPECÍFICA DE RACIONALIZACIÓN | F16: SITUACIÓN ACTUAL | G16: DESCRIPCIÓN DE LA MEJORA A REALIZAR AL TRÁMITE, PROCESO O PROCEDIMIENTO | H16: BENEFICIO AL CIUDADANO Y/O ENTIDAD | I16: DEPENDENCIA RESPONSABLE | J16: FECHA DE REALIZACIÓN
J17: INICIO dd/mm/aaaa | K17: FIN dd/mm/aaaa
A18: 1 | B18: Servicios digitales con enfoque a clientes satisfechos | D18: Administrativa | E18: Fortalecimiento y difusión de los canales disponibles para atención a clientes y/o usuarios | F18: A raíz de la declaración de emergencia sanitaria por parte del gobierno nacional en el año 2020, la Empresa Municipal de Servicios Públicos de Arauca - EMSERPA E.I.C.E. E.S.P a través del proceso de Atención al usuario habilitó canales digitales con el fin de brindar a los usuarios una forma de conexión e interacción más sencilla, rápida y ágil con la empresa. Inicialmente el usuario accede a la sede administrativa de la Empresa Municipal de Servicios Públicos de Arauca - EMSERPA E.I.C.E. E.S.P para solicitar la visita de inspección, que determine la viabilidad del acceso a los servicios públicos (de acueducto y alcantarillado), luego recibe los datos de la cuenta bancaria para pagar el trámite. Con el recibo de consignación regresa a la sede administrativa para que con el soporte del pago le programe la visita de inspección por parte de la Dirección técnico operativa y como resultado se determine si se expide o no el certificado de viabilidad y disponibilidad de conformidad con lo establecido en el Decreto 3050 de 2013. | G18: Racionalizar el trámite a una estrategia parcialmente en línea; de modo que el ciudadano por medio electrónico obtenga el valor a pagar y este mismo pago pueda ser realizado de forma electrónica. Luego de realizar el pago respectivo, el usuario remite por medio electrónico el soporte de pago para que la Empresa Municipal de Servicios Públicos de Arauca - EMSERPA E.I.C.E. E.S.P programe la visita de inspección por parte de la Dirección técnico operativa y como resultado se determine si se expide o no el certificado de viabilidad y disponibilidad de conformidad con lo establecido en el Decreto 3050 de 2013. | H18: Ofrecer mayor cobertura en canales digitales para nuestros clientes y usuarios, entregando soluciones de autogestión que mejoren e impacten positivamente la calidad de la atención y los tiempos de atención. | I18: Proceso de Atención al Usuario | J18: 45447 | K18: 45657
A19: 2 | F19: A raíz de la declaración de emergencia sanitaria por parte del gobierno nacional en el año 2020, la Empresa Municipal de Servicios Públicos de Arauca - EMSERPA E.I.C.E. E.S.P a través del proceso de Atención al usuario habilitó canales canales digitales con el fin de brindar a los usuarios una forma de conexión e interacción más sencilla, rápida y ágil con la empresa.
A23: NOMBRE DEL RESPONSABLE | E23: NÚMERO DE TELÉFONO
A24: CORREO ELECTRÓNICO | E24: FECHA DE APROBACIÓN DEL PLAN

Sheet MAPA_RIESCOR
B2: REG-PLA-003 | E2: EMSERPA E.I.C.E E.S.P
B3: Versión 01 | E3: MAPA DE RIESGOS DE CORRUPCIÓN 2024
B4: Edición: 04/02/2022
B6: MAPA DE RIESGOS DE CORRUPCIÓN
B7: Entidad: Empresa Municipal de Servicios Públicos de Arauca - EMSERPA E.I.C.E. E.S.P
B8: IDENTIFICACIÓN DEL RIESGO | G8: VALORACIÓN DEL RIESGO DE CORRUPCIÓN | X8: Fecha | Y8: MONITOREO Y REVISIÓN
G9: Análisis del Riesgo | M9: Valoración del riesgo
B10: Proceso | C10: Objetivo del proceso | D10: Nombre del Riesgo | E10: Causas | F10: Consecuencias | G10: Riesgo Inherente | M10: Control | N10: Acción de Control | O10: Riesgo Residual | U10: Acciones Asociadas al control | Y10: Acciones | Z10: Responsable | AA10: Indicador
G11: Probabilidad | H11: Impacto | I11: Nivel de probabilidad | J11: Nivel de impacto | K11: Resultado | L11: Zona del riesgo | O11: Probabilidad | P11: Impacto | Q11: Nivel de probabilidad | R11: Nivel de impacto | S11: Resultado | T11: Zona del riesgo | U11: Periodo de ejecución | V11: Acciones | W11: Registro | AB11: observaciones
B12: Direccionamiento Estratégico | C12: Administrar, registrar, contabilizar, conciliar y controlar los recursos financieros de la entidad. | D12: Posibilidad de realizar direccionamiento de contratación y/o vinculación laboral en favor de un tercero por ofrecimientos externos. | E12: 1. Influencia de terceros para la vinculación en la entidad. 2. Intereses personales para favorecer a un tercero. | F12: 1. Demandas 2. Sanciones legales | G12: Probable | H12: Catastrófico | I12: =IF(G12="Rara vez","1",IF(G12="Improbable","2",IF(G12="Posible","3",IF(G12="Probable","4",IF(G12="Casi seguro","5"," "))))) -> 4 | J12: =IF(H12="Moderado","5",IF(H12="Mayor","10",IF(H12="Catastrófico","20"," "))) -> 20 | K12: =I12*J12 -> 80 | L12: =VLOOKUP(K12,Hoja1!I$4:J$14,2,FALSE) -> Extrema | M12: 1. Utilizar los Pliegos Tipo. 2. Implementar SECOP II 3. Realizar la gestión conforme al procedimiento establecido. 4. Revisar el cumplimiento de los procedimientos. 5. Mantener actualizados los procedimientos | N12: Procedimientos documentados, estandarizados y aplicados | O12: Improbable | P12: Mayor | Q12: =IF(O12="Rara vez","1",IF(O12="Improbable","2",IF(O12="Posible","3",IF(O12="Probable","4",IF(O12="Casi seguro","5"," "))))) -> 2 | R12: =IF(P12="Moderado","5",IF(P12="Mayor","10",IF(P12="Catastrófico","20"," "))) -> 10 | S12: =Q12*R12 -> 20 | T12: =VLOOKUP(S12,Hoja1!I$4:J$14,2,FALSE) -> Moderada | U12: Cuatrimestral | V12: Revisión de las obligaciones contractuales frente a las funciones establecidas en el Manual de Funciones y Competencias Laborales que permita evitar la duplicidad entre funciones y obligaciones contractuales. | W12: Las evidencias reposan en la oficina jurídica en las carpetas de cada contrato, (estudios previos, análisis del sector, propuestas, certificados de estudio y vinculación a salud, etc) | X12: Se realizan monitoreos cuatrimestrales: I Cuatrimestre: Enero-Abril Fecha de monitoreo: 30/04/2024 II Cuatrimestre: Mayo-Agosto Fecha de monitoreo: 30/08/2024 III Cuatrimestre: Septiembre-Diciembre Fecha de monitoreo: 10/01/2025 | Y12: El personal vinculado a la empresa cuenta con el perfil necesario para la ejecución de las actividades en las que se requiere apoyo, así mismo para adjudicación de la contratación se verifica que cumplan con los requisitos establecidos y la experiencia necesaria. Lo anterior se constata mediante la revisión de la documentación solicitada en el procedimiento establecido, dicha documentación es publicada en forma digital enla plataforma SECOP. | Z12: Gerente y jefe de Planeación | AA12: 0.9 | AB12: Incluir el estudio previo como documento de control.
V13: Revisar cumplimiento de los requisitos exigidos en el Manual de Funciones y Competencias Laborales.
V14: Revisar y aplicar los compromisos del código de Integridad.
B15: Planeación | C15: Definir las estrategias para el logro de la misión y visión institucional, mediante la formulación de planes, programas y proyectos, con el fin de satisfacer las necesidades identificadas y garantizar la mejora continua en la prestación de los servicios públicos de acueducto y alcantarillado de acuerdo con la normatividad vigente. | D15: Posibilidad de Interpretación subjetiva de las normas vigentes que termina por favorecer a un particular | E15: 1. Falta de análisis de impacto en la decisiones. 2. Falta de acompañamiento técnico y jurídico. 3. Múltiples delegaciones de un mismo tema, con múltiples interpretaciones. 4. Desconocimiento de procesos internos. | F15: 1. Decisiones erráticas 2. Afectación del clima laboral 3. Reprocesos 4. Sanciones legales 5. Demandas | G15: Probable | H15: Catastrófico | I15: =IF(G15="Rara vez","1",IF(G15="Improbable","2",IF(G15="Posible","3",IF(G15="Probable","4",IF(G15="Casi seguro","5"," "))))) -> 4 | J15: =IF(H15="Moderado","5",IF(H15="Mayor","10",IF(H15="Catastrófico","20"," "))) -> 20 | K15: =I15*J15 -> 80 | L15: =VLOOKUP(K15,Hoja1!I$4:J$14,2,FALSE) -> Extrema | M15: Manuales de funciones y niveles de responsabilidad definidos | N15: Procesos y procedimientos documentados | O15: Improbable | P15: Mayor | Q15: =IF(O15="Rara vez","1",IF(O15="Improbable","2",IF(O15="Posible","3",IF(O15="Probable","4",IF(O15="Casi seguro","5"," "))))) -> 2 | R15: =IF(P15="Moderado","5",IF(P15="Mayor","10",IF(P15="Catastrófico","20"," "))) -> 10 | S15: =Q15*R15 -> 20 | T15: =VLOOKUP(S15,Hoja1!I$4:J$14,2,FALSE) -> Moderada | U15: Semestral | V15: Consulta al equipo responsable - | W15: No existe registro ya que no se han realizado capacitaciones. | X15: Se realiza seguimiento Semestral: I Semestre: Enero-Junio Fecha de seguimiento: 12/07/2024 II Semestre: Julio-Diciembre Fecha de seguimiento: 10/01/2025 | Y15: El líder del proceso articula y trabaja de la mano con el personal de planta y el personal contratado, cada actividad delegada está basada en el perfil profesional y en el manual de funciones existente, actualmente la oficina de planeación trabaja de la mano con calidad para establecer el plan de capacitaciones e iniciar con su implementación. | Z15: Oficina Asesora Jurídica Oficina Asesora de Planeación | AA15: 0.6
V16: Planificación y gestión de cambios
V17: Capacitación interna
D18: Posibilidad de manipulación de información y desviar la gestión estratégica de la entidad para favorecer terceros. | E18: 1. Falta de análisis de impacto en la decisiones. 2. Falta de acompañamiento técnico y jurídico. 3. Desconocimiento de procesos internos. | F18: 1. Decisiones erradas. 2. Reprocesos. 3. Sanciones legales. 4. Demandas. | G18: Probable | H18: Catastrófico | I18: =IF(G18="Rara vez","1",IF(G18="Improbable","2",IF(G18="Posible","3",IF(G18="Probable","4",IF(G18="Casi seguro","5"," "))))) -> 4 | J18: =IF(H18="Moderado","5",IF(H18="Mayor","10",IF(H18="Catastrófico","20"," "))) -> 20 | K18: =I18*J18 -> 80 | L18: =VLOOKUP(K18,Hoja1!I$4:J$14,2,FALSE) -> Extrema | M18: 1. Realizar la gestión conforme a los procedimientos establecidos 2. Revisar el cumplimiento de los procedimientos. 3. Actualizar los procedimientos. 4. Realizar cambio de clave cuando se presente rotación de personal. | N18: Procesos y procedimientos documentados | V18: Consulta al equipo responsable. | W18: Correos electrónicos remitidos del líder el proceso hacía el jefe de sistemas con la solicitad de asignación de usuarios al personal contratado y/o solicitud de cambio de contraseñas. | X18: Se realiza seguimiento Semestral: I Semestre: Enero-Junio Fecha de seguimiento: 12/07/2024 II Semestre: Julio-Diciembre Fecha de seguimiento: 10/01/2025 | Y18: El oficina asesora de planeación cuenta con procedimientos debidamente aprobados por calidad, sin embargo dichos procesos no han sido actualizados este año, al momento de terminar un contrato de prestación de servicios, el líder del proceso solcita vía correo electrónico el cambio de clave de las plataformas y/o correos asignados al titular del contrato, lo anterior con el fin que personas que no estén vinculadas a la empresa tengan acceso a información interna. | Z18: Oficina Asesora de Planeación | AA18: 0.8
V19: Planificación y gestión de cambios.
V20: Capacitación interna.
B21: Facturación | C21: Facturar el servicio de Acueducto y Alcantarillado cumpliendo con los requisitos de los usuarios y las políticas administrativas y financieras de la entidad. | D21: Posibilidad de manipular lecturas del consumo o bases de datos con información base para la facturación | E21: 1. Influencia de servidores públicos y OPS en la toma de mediciones del consumo de usuarios, así mismo manipulación del Software por servidores públicos y terceros. 2. Intereses personales para favorecer a un tercero. | F21: 1. Demandas. 2. Disminución de Ingresos. 3. Sanciones legales. | G21: Probable | H21: Catastrófico | I21: =IF(G21="Rara vez","1",IF(G21="Improbable","2",IF(G21="Posible","3",IF(G21="Probable","4",IF(G21="Casi seguro","5"," "))))) -> 4 | J21: =IF(H21="Moderado","5",IF(H21="Mayor","10",IF(H21="Catastrófico","20"," "))) -> 20 | K21: =I21*J21 -> 80 | L21: =VLOOKUP(K21,Hoja1!I$4:J$14,2,FALSE) -> Extrema | M21: 1. Realizar la gestión conforme al procedimiento establecido. 2. Revisar el cumplimiento de los procedimientos. 3. Actualizar los procedimientos. | N21: Procedimientos formales aplicados | O21: Improbable | P21: Mayor | Q21: =IF(O21="Rara vez","1",IF(O21="Improbable","2",IF(O21="Posible","3",IF(O21="Probable","4",IF(O21="Casi seguro","5"," "))))) -> 2 | R21: =IF(P21="Moderado","5",IF(P21="Mayor","10",IF(P21="Catastrófico","20"," "))) -> 10 | S21: =Q21*R21 -> 20 | T21: =VLOOKUP(S21,Hoja1!I$4:J$14,2,FALSE) -> Moderada | U21: Semestral | V21: Revisar cumplimiento de los requisitos exigidos en los Manual de Funciones y Competencias Laborales. | W21: Procedimientos aprobados por calidad, listado de asitencia a capacitaciones. | X21: Se realiza seguimiento Semestral: I Semestre: Enero-Junio Fecha de seguimiento: 12/07/2024 II Semestre: Julio-Diciembre Fecha de seguimiento: 10/01/2025 | Y21: El área de facturación implementa los formatos y procedimientos establecidos, el personal contratado recibe capacitaciones sobre los procedimeintos establecidos, sin embargo, dichos procedimientos no han sido actualizados este año. | Z21: Líder del Proceso y Delegado del sistema de Calidad | AA21: 0.9
V22: Capacitar al personal sobre las incidencias de los incumplimientos de los procedimientos establecidos
V23: Revisar y aplicar los compromisos del código de ética y el Código de Buen Gobierno
B24: Cartera | C24: Definir estrategias de gestión de cobro que permitan aumentar el recaudo y disminuir usuarios en mora, además de consolidar una cartera real. | D24: Posibilidad de manipulación de bases de datos con información financiera de acumulados en valor y plazos vencidos para el pago o cambio de saldos a cobrar al subscriptor | E24: 1. Influencia de terceros para evitar procesos de cobro o disminuir saldos pendientes de pago. 2. Intereses personales para favorecer a un tercero. | F24: 1. Demandas. 2. Sanciones legales. | G24: Probable | H24: Catastrófico | I24: =IF(G24="Rara vez","1",IF(G24="Improbable","2",IF(G24="Posible","3",IF(G24="Probable","4",IF(G24="Casi seguro","5"," "))))) -> 4 | J24: =IF(H24="Moderado","5",IF(H24="Mayor","10",IF(H24="Catastrófico","20"," "))) -> 20 | K24: =I24*J24 -> 80 | L24: =VLOOKUP(K24,Hoja1!I$4:J$14,2,FALSE) -> Extrema | M24: 1. Realizar la gestión conforme al procedimiento establecido. 2. Revisar el cumplimiento de los procedimientos. 3. Actualizar los procedimientos. | N24: Procedimientos formales aplicados | O24: Improbable | P24: Mayor | Q24: =IF(O24="Rara vez","1",IF(O24="Improbable","2",IF(O24="Posible","3",IF(O24="Probable","4",IF(O24="Casi seguro","5"," "))))) -> 2 | R24: =IF(P24="Moderado","5",IF(P24="Mayor","10",IF(P24="Catastrófico","20"," "))) -> 10 | S24: =Q24*R24 -> 20 | T24: =VLOOKUP(S24,Hoja1!I$4:J$14,2,FALSE) -> Moderada | U24: Semestral | V24: Revisar cumplimiento de los requisitos exigidos en los Manual de Funciones y Competencias Laborales. | W24: Procedimientos aprobados por calidad. Cumplimiento del manual de funciones. | X24: Se realiza seguimiento Semestral: I Semestre: Enero-Junio Fecha de seguimiento: 12/07/2024 II Semestre: Julio-Diciembre Fecha de seguimiento: 10/01/2025 | Y24: La líder del proceso afirma que desde su perfil y el de su auxiliar no pueden eliminar deudas de suscriptores ni alterar la información. A la fecha no se han realizado capacitaciones. | Z24: Líder del Proceso y Delegado del sistema de Calidad | AA24: 0.8 | AB24: posible fraude de las recaudadoras al no informar el ingreso total de los pagos | AC24: se deben actualizar los procedimientos, son obsoletos y solicitar capacitacones de cartera
V25: Capacitar al personal sobre las incidencias de los incumplimientos de los procedimientos establecidos. | AB25: el sicofi es manipulable y el sieweb
V26: Revisar y aplicar los compromisos del código de ética y el Código de Buen Gobierno. | AB26: riesgo por violacion al contrato de facturacion conjunta,
B27: Atención al usuario | C27: Garantizar una atención y respuesta oportuna a las peticiones, quejas y/o recursos interpuestos por el usuario, suscriptor o comunidad, así como establecer la metodología para realizar la modificación de uso de inmueble de residencia a comercial en sistema comercial SIEWEB de la Empresa Municipal de Servicios Públicos de Arauca E.I.C.E. E.S.P. | D27: Posibilidad de manipulación de bases de datos con información financiera de acumulados en valor y plazos vencidos para el pago o cambio de saldos a cobrar al subscriptor | E27: 1. Influencia de terceros para evitar procesos de cobro o disminuir saldos pendientes de pago. 2. Intereses personales para favorecer a un tercero. | F27: 1. Demandas. 2. Sanciones legales. | G27: Probable | H27: Catastrófico | I27: =IF(G27="Rara vez","1",IF(G27="Improbable","2",IF(G27="Posible","3",IF(G27="Probable","4",IF(G27="Casi seguro","5"," "))))) -> 4 | J27: =IF(H27="Moderado","5",IF(H27="Mayor","10",IF(H27="Catastrófico","20"," "))) -> 20 | K27: =I27*J27 -> 80 | L27: =VLOOKUP(K27,Hoja1!I$4:J$14,2,FALSE) -> Extrema | M27: 1. Realizar la gestión conforme al procedimiento establecido. 2. Revisar el cumplimiento de los procedimientos. 3. Actualizar los procedimientos. | N27: Procedimientos formales aplicados | O27: Improbable | P27: Mayor | Q27: =IF(O27="Rara vez","1",IF(O27="Improbable","2",IF(O27="Posible","3",IF(O27="Probable","4",IF(O27="Casi seguro","5"," "))))) -> 2 | R27: =IF(P27="Moderado","5",IF(P27="Mayor","10",IF(P27="Catastrófico","20"," "))) -> 10 | S27: =Q27*R27 -> 20 | T27: =VLOOKUP(S27,Hoja1!I$4:J$14,2,FALSE) -> Moderada | U27: Semestral | V27: Revisar cumplimiento de los requisitos exigidos en los Manual de Funciones y Competencias Laborales. | W27: Correos electrónicos recibidos por parte del Director Comercial. | X27: Se realiza seguimiento Semestral: I Semestre: Enero-Junio Fecha de seguimiento: 12/07/2024 II Semestre: Julio-Diciembre Fecha de seguimiento: 10/01/2025 | Y27: La líder del proceso informa que los descuentos realizados son motivados, aprobados y solicitados por el Director Comercial, previa revisión de recibos de energía y documentación presentada por los usuarios. Los precedimientos se ejecutan conforme lo establecido, sin embargo el año en curso no han sido actualizados, a la fecha no se han brindado capacitaciones al personal. | Z27: Líder del Proceso y Delegado del sistema de Calidad | AA27: 0.8 | AB27: se solicitan mas capacitaciones en leyes en derecho de peticion en normatividad, ley 142, contratosn de condiciones uniformes, hay que actualizarlo, difusion de buzon nde sugerencias, | AC27: se ha solicitado capacitacion al personal, se evidencia pro correo electronico, sin embargo la jefe de proceso realiza capacitacion por parte de sus compañeros
V28: Capacitar al personal sobre las incidencias de los incumplimientos de los procedimientos establecidos
V29: Revisar y aplicar los compromisos del código de ética y el Código de Buen Gobierno
B30: Pérdidas | C30: Gestionar para garantizar la medición efectiva de los consumos del servicio de acueducto a los usuarios que están conectados al sistema en el municipio de Arauca. | D30: Posibilidad de ocultamiento de información sobre una conexión fraudulenta o manipulación en informes que acumulan el reporte y la estadística de las pérdidas | E30: 1. Influencia de terceros para . la vinculación en la entidad 2. Intereses personales para favorecer a un tercero. | F30: 1. Demandas. 2. Sanciones legales. | G30: Probable | H30: Catastrófico | I30: =IF(G30="Rara vez","1",IF(G30="Improbable","2",IF(G30="Posible","3",IF(G30="Probable","4",IF(G30="Casi seguro","5"," "))))) -> 4 | J30: =IF(H30="Moderado","5",IF(H30="Mayor","10",IF(H30="Catastrófico","20"," "))) -> 20 | K30: =I30*J30 -> 80 | L30: =VLOOKUP(K30,Hoja1!I$4:J$14,2,FALSE) -> Extrema | M30: 1. Realizar la gestión conforme al procedimiento establecido. 2. Revisar el cumplimiento de los procedimientos. 3. Actualizar los procedimientos | N30: Procedimientos formales aplicados | O30: Improbable | P30: Mayor | Q30: =IF(O30="Rara vez","1",IF(O30="Improbable","2",IF(O30="Posible","3",IF(O30="Probable","4",IF(O30="Casi seguro","5"," "))))) -> 2 | R30: =IF(P30="Moderado","5",IF(P30="Mayor","10",IF(P30="Catastrófico","20"," "))) -> 10 | S30: =Q30*R30 -> 20 | T30: =VLOOKUP(S30,Hoja1!I$4:J$14,2,FALSE) -> Moderada | U30: Semestral | V30: Revisar cumplimiento de los requisitos exigidos en los Manual de Funciones y Competencias Laborales. | W30: Manual y procedimientos aprobados, formatos diligenciados por personal contratado. | X30: Se realiza seguimiento Semestral: I Semestre: Enero-Junio Fecha de seguimiento: 12/07/2024 II Semestre: Julio-Diciembre Fecha de seguimiento: 10/01/2025 | Y30: Los procedimientos se aplican conforme lo establecido, el área de pérdidas cuenta con la aprobación de un manual por parte de calidad y se actualizó el presente año. El personal ejecuta sus actividades y diligencia los formatos creados y aprobados. | Z30: Líder del Proceso y Delegado del sistema de Calidad | AA30: 0.8 | AB30: falta de control en las visitas realizadas por el personal ops, teniendo encuenta que la responsabilidad no recae sobre ellos y pueden hacer los informes para cumplir metas.
V31: Capacitar al personal sobre las incidencias de los incumplimientos de los procedimientos establecidos.
V32: Revisar y aplicar los compromisos del código de ética y el Código de Buen Gobierno
B33: Acueducto | C33: Operación y mantenimiento del sistema de acueducto garantizando la continuidad, cobertura, presión y calidad del servicio dando cumplimiento a la normatividad vigente. | D33: Posibilidad de adjudicar contratación y/o vinculación en favor de un tercero por abuso del poder sin el lleno de requisitos. | E33: 1. Influencia de terceros para la vinculación en la entidad. 2. Intereses personales para favorecer a un tercero. | F33: 1. Demandas. 2. Sanciones legales. | G33: Probable | H33: Catastrófico | I33: =IF(G33="Rara vez","1",IF(G33="Improbable","2",IF(G33="Posible","3",IF(G33="Probable","4",IF(G33="Casi seguro","5"," "))))) -> 4 | J33: =IF(H33="Moderado","5",IF(H33="Mayor","10",IF(H33="Catastrófico","20"," "))) -> 20 | K33: =I33*J33 -> 80 | L33: =VLOOKUP(K33,Hoja1!I$4:J$14,2,FALSE) -> Extrema | M33: 1. Realizar la gestión conforme al procedimiento establecido. 2. Revisar el cumplimiento de los procedimientos. 3. Actualizar los procedimientos. | N33: Procedimientos formales aplicados | O33: Improbable | P33: Mayor | Q33: =IF(O33="Rara vez","1",IF(O33="Improbable","2",IF(O33="Posible","3",IF(O33="Probable","4",IF(O33="Casi seguro","5"," "))))) -> 2 | R33: =IF(P33="Moderado","5",IF(P33="Mayor","10",IF(P33="Catastrófico","20"," "))) -> 10 | S33: =Q33*R33 -> 20 | T33: =VLOOKUP(S33,Hoja1!I$4:J$14,2,FALSE) -> Moderada | U33: Semestral | V33: Revisar cumplimiento de los requisitos exigidos en los Manual de Funciones y Competencias Laborales. | W33: No aplica. | X33: Se realiza seguimiento Semestral: I Semestre: Enero-Junio Fecha de seguimiento: 12/07/2024 II Semestre: Julio-Diciembre Fecha de seguimiento: 10/01/2025 | Y33: El líder del proceso afirma que él no realiza adjudicación de contratos ni contratación de personal, así mismo menciona que la oficina de jurídica es quien revisa y evalúa el cumplimiento de los requisitos establecidos. | Z33: Líder del Proceso y Delegado del sistema de Calidad | AA33: 0.8
V34: Capacitar al personal sobre las incidencias de los incumplimientos de los procedimientos establecidos.
V35: Revisar y aplicar los compromisos del código de ética y el Código de Buen Gobierno.
B36: Alcantarillado | C36: Recolectar y conducir las aguas residuales domésticas del Municipio de Arauca garantizando la prestación del servicio por medio del cumplimiento de la normatividad vigente. | D36: Posibilidad de favorecimiento a un suscriptor para que reciba el servicio (Acueducto y alcantarillado) y no se facture, no se reporte de la conexión, realizar una conexión fraudulenta que no se legalice al momento que se identifica su existencia. | E36: 1. Falta de análisis del impacto en la decisiones. 2. Falta de acompañamiento técnico y jurídico. 3. Desconocimiento de procesos internos. | F36: 1. Decisiones erráticas. 2. Afectación del clima laboral. 3. Reprocesos. 4. Sanciones legales. 5. Demandas. | G36: Probable | H36: Catastrófico | I36: =IF(G36="Rara vez","1",IF(G36="Improbable","2",IF(G36="Posible","3",IF(G36="Probable","4",IF(G36="Casi seguro","5"," "))))) -> 4 | J36: =IF(H36="Moderado","5",IF(H36="Mayor","10",IF(H36="Catastrófico","20"," "))) -> 20 | K36: =I36*J36 -> 80 | L36: =VLOOKUP(K36,Hoja1!I$4:J$14,2,FALSE) -> Extrema | M36: 1. Manuales de funciones y niveles de responsabilidad definidos. 2. Investigación de las nuevas normas publicadas. 3. Actualización de los procedimientos y del Normograma. | N36: Procesos y procedimientos documentados | O36: Improbable | P36: Mayor | Q36: =IF(O36="Rara vez","1",IF(O36="Improbable","2",IF(O36="Posible","3",IF(O36="Probable","4",IF(O36="Casi seguro","5"," "))))) -> 2 | R36: =IF(P36="Moderado","5",IF(P36="Mayor","10",IF(P36="Catastrófico","20"," "))) -> 10 | S36: =Q36*R36 -> 20 | T36: =VLOOKUP(S36,Hoja1!I$4:J$14,2,FALSE) -> Moderada | U36: Semestral | V36: Revisar cumplimiento de los requisitos exigidos en los Manual de Funciones y Competencias Laborales. | W36: Manual de funciones y procedimientos establecidos. | X36: Se realiza seguimiento Semestral: I Semestre: Enero-Junio Fecha de seguimiento: 12/07/2024 II Semestre: Julio-Diciembre Fecha de seguimiento: 10/01/2025 | Y36: El líder del proceso cuenta con personal que cumple con el perfil requerido, así mismo, este personal reporta la ejecución de sus actividades asignadas al inicio de la jornada con evidencia fotográfica diariamente. Los procedimientos se cumplen conforme lo establecido. | Z36: Líder del Proceso y Delegado del sistema de Calidad | AA36: 0.8 | AB36: riesgo de que el operador de vacumm realice servicios sin ordenes pagas. Que la direccion operativa expida ea disponibilidad de servicios sin el lleno de requisitos, estudios de mercado no vayan acorde a los precios del mercado local,.
V37: Capacitar al personal sobre las incidencias de los incumplimientos de los procedimientos establecidos
V38: Revisar y aplicar los compromisos del código de ética y el Código de Buen Gobierno
B39: Gestión documental | C39: Organizar con base a lineamientos normativos vigentes y especificaciones tecnicas del sistema de gestión de calidad, los expedientes, carpetas, o demás documentación que concierne a lo administrativo, financiero, contable y juridico de la entidad. | D39: Posibilidad que un expediente se extravíe, se deteriore o se mutile con la intención que información requerida como soporte para la entidad no aparezca en forma fidedigna y oportuna y de cuya decisión un particular resulte beneficiado. | E39: 1. Falencias en los controles de selección. 2. Inadecuada aplicación de la normatividad vigente, manual de contratación y procedimientos asociados. 3. Tráfico de influencias. | F39: 1. Sanciones disciplinarias, fiscales y/o penales. 2. Demandas a la Entidad. 3. Enriquecimiento ilícito de contratistas y/o funcionarios. | G39: Probable | H39: Catastrófico | I39: =IF(G39="Rara vez","1",IF(G39="Improbable","2",IF(G39="Posible","3",IF(G39="Probable","4",IF(G39="Casi seguro","5"," "))))) -> 4 | J39: =IF(H39="Moderado","5",IF(H39="Mayor","10",IF(H39="Catastrófico","20"," "))) -> 20 | K39: =I39*J39 -> 80 | L39: =VLOOKUP(K39,Hoja1!I$4:J$14,2,FALSE) -> Extrema | M39: 1. Realizar la gestión conforme al procedimiento establecido. 2. Revisar el cumplimiento de los procedimientos. 3. Actualizar los procedimientos. | N39: Procedimientos formales aplicados | O39: Improbable | P39: Mayor | Q39: =IF(O39="Rara vez","1",IF(O39="Improbable","2",IF(O39="Posible","3",IF(O39="Probable","4",IF(O39="Casi seguro","5"," "))))) -> 2 | R39: =IF(P39="Moderado","5",IF(P39="Mayor","10",IF(P39="Catastrófico","20"," "))) -> 10 | S39: =Q39*R39 -> 20 | T39: =VLOOKUP(S39,Hoja1!I$4:J$14,2,FALSE) -> Moderada | U39: Semestral | V39: Reforzar las medidas de seguridad física del archivo. | W39: Expedientes en el archivo de almacén y el archivo central, registro en el sistema TNS. | X39: Se realiza seguimiento Semestral: I Semestre: Enero-Junio Fecha de seguimiento: 12/07/2024 II Semestre: Julio-Diciembre Fecha de seguimiento: 10/01/2025 | Y39: El líder del proceso menciona que el manejo de los expedientes se da siguiendo los procedimientos aprobados por calidad, en lo referente a los archivos de entrada y salida de almacén se registran en el sistema TNS, y se le realiza el procedimeinto establecido. Los documentos archivados solo pueden ser manipulados por el personal encargado. | Z39: Líder del Proceso y Delegado del sistema de Calidad | AA39: 0.8
V40: Documentar los lineamientos para el control de los documentos depositados en los fondos acumulados en la Entidad.
V41: Capacitar al personal sobre las incidencias de los incumplimientos de los procedimiento establecidos.
B42: Gestión Información y tecnología | C42: Garantizar el óptimo funcionamiento del software, hardware y las telecomunicaciones, salvaguardando los activos de información de la empresa. | D42: Manipulación de las bases de datos de los sistemas de información | E42: 1. Falencia en los controles de seguridad en los sistemas de información | F42: 1. Alteración en la información de las bases de datos con favorecimiento a un tercero y afectando las finanzas de la empresa. | G42: Probable | H42: Catastrófico | I42: =IF(G42="Rara vez","1",IF(G42="Improbable","2",IF(G42="Posible","3",IF(G42="Probable","4",IF(G42="Casi seguro","5"," "))))) -> 4 | J42: =IF(H42="Moderado","5",IF(H42="Mayor","10",IF(H42="Catastrófico","20"," "))) -> 20 | K42: =I42*J42 -> 80 | L42: =VLOOKUP(K42,Hoja1!I$4:J$14,2,FALSE) -> Extrema | M42: 1. Realizar copias de seguridad de las bases de datos. 2. Verificar los permisos y accesos a los usuarios que utilizan los sistemas de información. | N42: Realizar rastreos comparativos de las bases de datos y verificar transacciones no habituales o variaciones significativas | O42: Improbable | P42: Mayor | Q42: =IF(O42="Rara vez","1",IF(O42="Improbable","2",IF(O42="Posible","3",IF(O42="Probable","4",IF(O42="Casi seguro","5"," "))))) -> 2 | R42: =IF(P42="Moderado","5",IF(P42="Mayor","10",IF(P42="Catastrófico","20"," "))) -> 10 | S42: =Q42*R42 -> 20 | T42: =VLOOKUP(S42,Hoja1!I$4:J$14,2,FALSE) -> Moderada | U42: Trimestral | V42: Generar listados trimestrales con variaciones significativas en las bases de datos y modificar permanentemente las claves de acceso de los usuarios autorizados | W42: Copias de seguridad, correos electrónicos recibidos. | X42: Se realiza seguimiento Trimestral: I Trimestre: Enero - Marzo Fecha de seguimiento: 12/04/2024 II Trimestre: Abril-Junio Fecha de seguimiento: 5/07/2024 III Trimestre: Julio-Septiembre Fecha de seguimiento: 11/10/2024 IV Trimestre: Octubre-Diciembre Fecha de seguimiento: 10/01/2025 | Y42: La trazabilidad se realiza por medio de correo electrónico, cada asignación de usuarios y/o correos electrónicos se da porsolicitud de los demás líderes de procesos, en lo referente a las copias de seguridad afirma que se realizan diariamente, semanal, mensual y anual, y solo el líder del proceso tiene acceso a dicha información. | Z42: Líder de sistemas reporta los resultados para análisis de control interno | AA42: 1
D45: Destinación indebida de los recursos públicos. | E45: 1. Falencias en los controles establecidos. 2. Desconocimiento de la normatividad vigente. | F45: 1. Sanciones disciplinarias, fiscales y/o penales. 2. Detrimento patrimonial. | G45: Probable | H45: Catastrófico | I45: =IF(G45="Rara vez","1",IF(G45="Improbable","2",IF(G45="Posible","3",IF(G45="Probable","4",IF(G45="Casi seguro","5"," "))))) -> 4 | J45: =IF(H45="Moderado","5",IF(H45="Mayor","10",IF(H45="Catastrófico","20"," "))) -> 20 | K45: =I45*J45 -> 80 | L45: =VLOOKUP(K45,Hoja1!I$4:J$14,2,FALSE) -> Extrema | M45: 1. Realizar la gestión conforme al procedimiento establecido. 2. Revisar el cumplimiento de los procedimientos. 3. Actualizar los procedimientos | N45: Aplicación del manual de contratación vigente bajo Procedimientos formales aplicados | O45: Improbable | P45: Mayor | Q45: =IF(O45="Rara vez","1",IF(O45="Improbable","2",IF(O45="Posible","3",IF(O45="Probable","4",IF(O45="Casi seguro","5"," "))))) -> 2 | R45: =IF(P45="Moderado","5",IF(P45="Mayor","10",IF(P45="Catastrófico","20"," "))) -> 10 | S45: =Q45*R45 -> 20 | T45: =VLOOKUP(S45,Hoja1!I$4:J$14,2,FALSE) -> Moderada | U45: Semestral | V45: Revisar cumplimiento de los requisitos exigidos en los Manual de Funciones y Competencias Laborales. | W45: Procedimientos aprobados por calidad. Cumplimiento del manual de funciones. | X45: Se realiza seguimiento Semestral: I Semestre: Enero-Junio Fecha de seguimiento: 12/07/2024 II Semestre: Julio-Diciembre Fecha de seguimiento: 10/01/2025 | Y45: El área no realiza destinación de recursos, el personal contratado cumple con el perfil requerido y los trabajadores oficiales ejecutan las funciones asignadas en el manual de funciones, los preocedimientos se ejecutan conforme lo establecido. Los procedimientos no se han actualizado el presente año. | Z45: Líder del Proceso y Delegado del sistema de Calidad | AA45: 0.8
V46: Capacitar al personal sobre las incidencias de los incumplimientos de los procedimientos establecidos
V47: Revisar y aplicar los compromisos del código de integridad y el Código de Buen Gobierno
B48: Gestión de proveedores | C48: Garantizar la disponibilidad, conservación y la entrega de los elementos y/o bienes que se encuentran a cargo de la Empresa Municipal de Servicios Públicos de Arauca E.I.C.E. E.S.P., bajo el apoyo de la gestión de los inventarios de la entidad, mediante la prestación de un servicio eficiente, eficaz y efectivo con el fin de dar un adecuado manejo, registro y control de los Bienes. | D48: Posibilidad de ejercer direccionamiento en un proceso de contratación | E48: 1. Falencias en los controles establecidos en el almacén y archivo. 2. Falencias en los controles establecidos en el servicio de vigilancia de la Entidad. 3. Permisos de salida de bienes no autorizados. 4. Abuso de poder en el manejo de información privilegiada. | F48: 1. Sanciones disciplinarias, fiscales y/o penales. 2. Detrimento patrimonial. 3. Inexistencia de bienes requeridos para el normal funcionamiento de la Entidad. | G48: Probable | H48: Catastrófico | I48: =IF(G48="Rara vez","1",IF(G48="Improbable","2",IF(G48="Posible","3",IF(G48="Probable","4",IF(G48="Casi seguro","5"," "))))) -> 4 | J48: =IF(H48="Moderado","5",IF(H48="Mayor","10",IF(H48="Catastrófico","20"," "))) -> 20 | K48: =I48*J48 -> 80 | L48: =VLOOKUP(K48,Hoja1!I$4:J$14,2,FALSE) -> Extrema | M48: 1. Presentar cotizaciones del mercado y consulta en pagina de Colombia Compra eficiente cuando aplique. 2. Afianzar los valores del código de Integridad del servicio público. 3. Seguimiento en Comité de Control interno. | N48: Procedimientos formales aplicados | O48: Improbable | P48: Mayor | Q48: =IF(O48="Rara vez","1",IF(O48="Improbable","2",IF(O48="Posible","3",IF(O48="Probable","4",IF(O48="Casi seguro","5"," "))))) -> 2 | R48: =IF(P48="Moderado","5",IF(P48="Mayor","10",IF(P48="Catastrófico","20"," "))) -> 10 | S48: =Q48*R48 -> 20 | T48: =VLOOKUP(S48,Hoja1!I$4:J$14,2,FALSE) -> Moderada | U48: Semestral | V48: Definir los lineamientos internos para los procesos de contratación en la adquisición de bienes, obras y servicios. | W48: No aplica. | X48: Se realiza seguimiento Semestral: I Semestre: Enero-Junio Fecha de seguimiento: 12/07/2024 II Semestre: Julio-Diciembre Fecha de seguimiento: 10/01/2026 | Y48: El líder del proceso afirma que actualmente el proceso de Gestión de Proveedores no realiza la revisión de los contratos celebrados, actualmente es la oficina de jurídica quien publica la documentación y cada supervisor de los contratos es quien realiza la revisión e inspección de la ejecución y cumplimiento de las actividades. | Z48: Líder del Proceso y Delegado del sistema de Calidad | AA48: 0.9 | AB48: el lider del proceso solicita que se vuelva a aplicar las acciones mencionadas nuevamente
V49: Determinar los responsables para participar en los comités de compras y Evaluación en cada proceso de selección.
V50: Publicar los procesos de selección a través del SECOP y el portal web institucional.
B51: Gestión del Talento Humano | C51: Proveer, mantener y desarrollar integralmente el talento humano competente requerido, en pro del mejoramiento continuo y el fortalecimiento institucional, para el cumplimiento de la misión, metas, objetivos y funciones de la Entidad. | D51: posibilidad de intervención en el direccionamiento de contratación y/o vinculación en favor de un tercero por privilegio en el manejo de información o abuso del poder. | E51: 1. Deficiencia de controles para el manejo de información. 2. Personal carente de competencias para adelantar los procesos. | F51: 1. Entrega de candidatos que no tienen las competencias. 2. Perdida de credibilidad de la Institución. 3. Inducir a errores a la Entidad. 4. Reprocesos Institucionales. 5. Incremento de costos operacionales. | G51: Probable | H51: Catastrófico | I51: =IF(G51="Rara vez","1",IF(G51="Improbable","2",IF(G51="Posible","3",IF(G51="Probable","4",IF(G51="Casi seguro","5"," "))))) -> 4 | J51: =IF(H51="Moderado","5",IF(H51="Mayor","10",IF(H51="Catastrófico","20"," "))) -> 20 | K51: =I51*J51 -> 80 | L51: =VLOOKUP(K51,Hoja1!I$4:J$14,2,FALSE) -> Extrema | M51: 1. Documentar las políticas. 2. Comunicar las políticas. 3. Cumplir las políticas de acceso y seguridad. 4. Capacitar al personal nuevo en políticas establecidas. | N51: Seguridad física y de acceso | O51: Improbable | P51: Mayor | Q51: =IF(O51="Rara vez","1",IF(O51="Improbable","2",IF(O51="Posible","3",IF(O51="Probable","4",IF(O51="Casi seguro","5"," "))))) -> 2 | R51: =IF(P51="Moderado","5",IF(P51="Mayor","10",IF(P51="Catastrófico","20"," "))) -> 10 | S51: =Q51*R51 -> 20 | T51: =VLOOKUP(S51,Hoja1!I$4:J$14,2,FALSE) -> Moderada | U51: Semestral | V51: Revisar cumplimiento de los requisitos exigidos en los Manual de Funciones y Competencias Laborales. | W51: Listados de asistencia a capacitaciones y inducción alpersonal de planta. | X51: Se realiza seguimiento Semestral: I Semestre: Enero-Junio Fecha de seguimiento: 12/07/2024 II Semestre: Julio-Diciembre Fecha de seguimiento: 10/01/2027 | Y51: Las politicas se encuentran en el manual de funciones, al momento de contratar el personal debe cumplir con los requisitos y perfil establecidos en dicho manual. Asi mismo las politicas están publicadas en la página web y en los diferentes sitios de trabajo de la empresa, así como en el reglamento interno de trabajo, las capacitaciones se realizan a los oficinales y peronal de libre nombramiento y remoción. | Z51: Líder del Proceso y Delegado del sistema de Calidad | AA51: 0.9
V52: Capacitar al personal sobre las incidencias de los incumplimientos de los procedimiento establecidos.
V53: Revisar y aplicar los compromisos del código de ética y el Código de Buen Gobierno
B54: Gestión Financiera | C54: Regular, analizar, consolidar y brindar transparencia en los procesos financieros, contables y administrativos de la entidad; fortaleciendo el sector instiucional y logrando el cumplimiento de lo establecido en normatividad vigente de la contabilidad pública | D54: Destinación Indebida de recursos económicos de la Empresa para favorecer un particular. | E54: 1. Falencias en los controles establecidos en la tesorería o el almacén. 2. Falencias en los controles establecidos en el servicio de vigilancia de la Entidad. (La empresa no destina recursos para contratar vigilancia.) 3. Permisos de salida de bienes no autorizados. (no realiza entrada ni salida de bienes de almacén). | F54: 1. Sanciones disciplinarias, fiscales y/o penales. 2. Detrimento patrimonial. 3. Inexistencia de bienes requeridos para el normal funcionamiento de la Entidad. | G54: Probable | H54: Catastrófico | I54: =IF(G54="Rara vez","1",IF(G54="Improbable","2",IF(G54="Posible","3",IF(G54="Probable","4",IF(G54="Casi seguro","5"," "))))) -> 4 | J54: =IF(H54="Moderado","5",IF(H54="Mayor","10",IF(H54="Catastrófico","20"," "))) -> 20 | K54: =I54*J54 -> 80 | L54: =VLOOKUP(K54,Hoja1!I$4:J$14,2,FALSE) -> Extrema | M54: 1. Documentar las políticas. 2. Comunicar las políticas. 3. Cumplir las políticas de acceso y seguridad. 4. Capacitar al personal nuevo en las políticas establecidas. | N54: Seguridad física y de acceso | O54: Improbable | P54: Mayor | Q54: =IF(O54="Rara vez","1",IF(O54="Improbable","2",IF(O54="Posible","3",IF(O54="Probable","4",IF(O54="Casi seguro","5"," "))))) -> 2 | R54: =IF(P54="Moderado","5",IF(P54="Mayor","10",IF(P54="Catastrófico","20"," "))) -> 10 | S54: =Q54*R54 -> 20 | T54: =VLOOKUP(S54,Hoja1!I$4:J$14,2,FALSE) -> Moderada | U54: Semestral | V54: Revisar cumplimiento de los requisitos exigidos en los Manual de Funciones y Competencias Laborales. | W54: Expediente de cada contrato con los soportes establecidos. | X54: Se realiza seguimiento Semestral: I Semestre: Enero-Junio Fecha de seguimiento: 12/07/2024 II Semestre: Julio-Diciembre Fecha de seguimiento: 10/01/2028 | Y54: Los pagos realizados vienen soportados y aurotizados para realizarse, asi mismo todos cuentan con la documentacion requerida, la tesoreria no puede hacer pagos sin permiso, lo archivos quedan para la empresa en fisico, y se hace control documental. | Z54: Líder del Proceso y Delegado del sistema de Calidad | AA54: 0.9
V55: Capacitar al personal sobre las incidencias de los incumplimientos de los procedimientos establecidos.
V56: Revisar y aplicar los compromisos del código de ética y el Código de Buen Gobierno
B57: Gestión Jurídica | C57: Asesorar jurídicamente y representar a la Empresa Municipal de Servicios Públicos EMSERPA E.I.C.E. E.S.P., en asuntos judiciales y extrajudiciales para la defensa de sus intereses. | D57: Posibilidad de ejercer direccionamiento de contratación y/o vinculación en favor de un tercero. | E57: 1. Influencia de terceros para la vinculación en la entidad. 2. Intereses personales para favorecer a un tercero. | F57: 1. Demandas. 2. Sanciones legales. | G57: Probable | H57: Catastrófico | I57: =IF(G57="Rara vez","1",IF(G57="Improbable","2",IF(G57="Posible","3",IF(G57="Probable","4",IF(G57="Casi seguro","5"," "))))) -> 4 | J57: =IF(H57="Moderado","5",IF(H57="Mayor","10",IF(H57="Catastrófico","20"," "))) -> 20 | K57: =I57*J57 -> 80 | L57: =VLOOKUP(K57,Hoja1!I$4:J$14,2,FALSE) -> Extrema | M57: 1. Realizar la gestión conforme al procedimiento establecido. 2. Revisar el cumplimiento de los procedimientos. 3. Actualizar los procedimientos | N57: Procedimientos formales aplicados | O57: Improbable | P57: Mayor | Q57: =IF(O57="Rara vez","1",IF(O57="Improbable","2",IF(O57="Posible","3",IF(O57="Probable","4",IF(O57="Casi seguro","5"," "))))) -> 2 | R57: =IF(P57="Moderado","5",IF(P57="Mayor","10",IF(P57="Catastrófico","20"," "))) -> 10 | S57: =Q57*R57 -> 20 | T57: =VLOOKUP(S57,Hoja1!I$4:J$14,2,FALSE) -> Moderada | U57: Semestral | V57: Revisar cumplimiento de los requisitos exigidos en los Manual de Funciones y Competencias Laborales. | W57: Procedimientos, requisitos documentados en cada expediente de contratos. | X57: Se realiza seguimiento Semestral: I Semestre: Enero-Junio Fecha de seguimiento: 12/07/2024 II Semestre: Julio-Diciembre Fecha de seguimiento: 10/01/2029 | Y57: El proceso de gestión jurídica cuentacon los procedimientos aprobados por calidad, los cuales son implementados. Para la contratación se realiza una revisión para verificar el cumplimiento de los requisitos. | Z57: Líder del Proceso y Delegado del sistema de Calidad | AA57: 0.9
V58: Capacitar al personal sobre las incidencias de los incumplimientos de los procedimientos establecidos.
V59: Revisar y aplicar los compromisos del código de ética y el Código de Buen Gobierno.

Sheet TABLAS MEDICION

Sheet Hoja1
B2: PROBABILIDAD | C2: IMPACTO | E2: NIVEL PROBABILIDAD | G2: NIVEL IMPACTO
B4: Rara vez | C4: Moderado | E4: 1 | G4: 5 | I4: 5 | J4: Baja
B5: Improbable | C5: Mayor | E5: 2 | G5: 10 | I5: 10 | J5: Baja
B6: Posible | C6: Catastrófico | E6: 3 | G6: 20 | I6: 15 | J6: Moderada
B7: Probable | E7: 4 | I7: 20 | J7: Moderada
B8: Casi seguro | E8: 5 | I8: 25 | J8: Moderada
I9: 30 | J9: Alta
I10: 40 | J10: Alta
I11: 50 | J11: Alta
I12: 60 | J12: Extrema
I13: 80 | J13: Extrema
I14: 100 | J14: Extrema
